 Dungeon Crawl Stone Soup version 0.27.0-1-g7a089689b8 (webtiles) character file.

Game seed: 2611018402192139712

88 ZARRMARR the Skirmisher (level 4, -1/60 HPs)
             Began as a Draconian Berserker on Aug 1, 2021.
             Was a Follower of Trog.
             Succumbed to a scorpion's poison
             ... on level 3 of the Dungeon.
             The game lasted 00:08:36 (1517 turns).

ZARRMARR the Skirmisher (Draconian Berserker)       Turns: 1517, Time: 00:08:37

Health: -1/60      AC:  5    Str: 20    XL:     4   Next: 29%
Magic:  4/4        EV: 12    Int:  7    God:    Trog [*.....]
Gold:   38         SH:  0    Dex: 11    Spells: 3/3 levels left

rFire    . . .     SeeInvis .   a - +0 short sword
rCold    . . .     Faith    .   (no shield)
rNeg     . . .     Spirit   .   (armour unavailable)
rPois    .         Reflect  .   (helmet restricted)
rElec    .         Harm     .   (no cloak)
rCorr    .         Rampage  .   (no gloves)
Will     .....                  (no boots)
Stlth    ..........             (no amulet)
HPRegen  0.20/turn              (no ring)
MPRegen  0.09/turn              (no ring)

@: berserking, lethally poisoned (-1 -> -12), very quick
A: AC +5, unfitting armour, cold-blooded
a: Renounce Religion, Berserk


You were on level 3 of the Dungeon.
You worshipped Trog.
Trog was aware of your devotion.
You visited 1 branch of the dungeon, and saw 3 of its levels.

You collected 38 gold pieces.

Inventory:

Hand Weapons
 a - a +0 short sword (weapon)
Missiles
 d - 45 stones
 i - 5 boomerangs (quivered)
Potions
 b - a potion of heal wounds
 e - a potion of might
 f - a potion of attraction {unknown}
 g - a potion of haste {unknown}
 h - a potion of flight {unknown}


   Skills:
 + Level 3.9 Fighting
 + Level 3.8 Short Blades
 + Level 1.0 Throwing
 + Level 3.3 Dodging
 + Level 0.2 Stealth


You had 3 spell levels left.
You didn't know any spells.
Your spell library was empty.

Dungeon Overview and Level Annotations

Branches:
Dungeon (3/15)

Altars:


Innate Abilities, Weirdness & Mutations

Your plain brown scales are hard. (AC +5)
You cannot fit into any form of body armour.
You are cold-blooded and may be slowed by cold attacks.


Message History

You hit the scorpion but do no damage.
You tail-slap the scorpion, but do no damage.
The scorpion is moderately wounded.
You feel very sick. The scorpion closely misses you. The scorpion misses you.
You completely miss the scorpion.
The scorpion is moderately wounded.
You feel sick. The scorpion stings you.
You hit the scorpion but do no damage.
The scorpion is moderately wounded.
You feel sick. The scorpion stings you.
You closely miss the scorpion.
The scorpion is moderately wounded.
You feel sick.
The scorpion stings you but does no damage.
You barely miss the scorpion.
The scorpion is moderately wounded.
You feel sick. The scorpion barely misses you.
You closely miss the scorpion.
The scorpion is moderately wounded.
You feel sick. The scorpion stings you.
* * * LOW HITPOINT WARNING * * *
A red film seems to cover your vision as you go berserk!
You feel yourself moving faster!
You feel mighty!
You feel sick. The scorpion stings you.
* * * LOW HITPOINT WARNING * * *
You closely miss the scorpion. You tail-slap the scorpion.
The scorpion is moderately wounded.
The scorpion stings you.
* * * LOW HITPOINT WARNING * * *
You are lethally poisoned!
The scorpion poisons you!
You hit the scorpion.
The scorpion is moderately wounded.
* * * LOW HITPOINT WARNING * * *
You feel sick. The scorpion stings you.
* * * LOW HITPOINT WARNING * * *
You puncture the scorpion!
Your tail-slap misses the scorpion.
The scorpion is severely wounded.
You die...

[ #..###
.. ..#
..#.###..#
...
....... ..
....
#.##.#
#....#
#.##.# #
#s# #@#
#.# #.#
###


You could see a scorpion.

Vanquished Creatures
  A water moccasin zombie (D:3)
  2 bats (D:1)
  2 endoplasms (D:1)
  2 giant cockroaches (D:1)
  A goblin (D:1)
  2 hobgoblins (D:1)
  3 jackals (D:1)
  4 quokkas
  3 ball pythons
  A frilled lizard (D:1)
  6 kobolds
  4 rats
31 creatures vanquished.

Notes
Turn   | Place    | Note
-------+----------+-------------------------------------------
     0 | D:1      | ZARRMARR the Draconian Berserker began the quest for the
                  | Orb.
     0 | D:1      | Reached XP level 1. HP: 19/19 MP: 1/1
    73 | D:1      | Found a faded altar of an unknown god.
   162 | D:1      | Reached XP level 2. HP: 26/26 MP: 2/2
   665 | D:1      | Reached XP level 3. HP: 33/33 MP: 3/3
  1444 | D:3      | Reached skill level 1 in Throwing
  1444 | D:3      | Reached XP level 4. HP: 35/40 MP: 4/4
  1500 | D:3      | Noticed a scorpion
  1516 | D:3      | HP: 1/60 [scorpion (6)]
  1517 | D:3      | Succumbed to a scorpion's poison

Illustrated notes

Levels and vault maps discovered:
D:1:      roderic_octagonal_star, layout_rooms,
          chequers_ecumenical_altar_simple, minmay_misc_feat_five
D:2:      layout_basic
D:3:      layout_basic, uniq_grinder, uniq_natasha

Skill      XL: |  1  2  3 |
---------------+----------+-----
Dodging        | 3 |  3.3
Throwing       | 1 |  1.0
Fighting       | |  3.9
Short Blades   | |  3.8
Stealth        | |  0.2

Action                   |  1- 3 |  4- 6 || total
-------------------------+-------+-------++-------
Melee: Short sword       |    83 |    12 ||    95
       Tailslap          |     8 |     3 ||    11
Throw: Stone             |    34 |       ||    34
       Boomerang         |     5 |     3 ||     8
Invok: Berserk           |     4 |     1 ||     5
  Use: Scroll            |     3 |     1 ||     4
Armor: Skin              |    23 |     1 ||    24
Dodge: Dodged            |    37 |     3 ||    40
